Map: Frozen Temple

Players

Lind

  • Race: Protoss Protoss
  • League: Grandmaster

Miszu - Winner!

  • Race: Terran Terran
  • League: Master

VOD

Have the link to the VOD?

Description

Time

  • Played on: May 10, 2016, 8:51 a.m.
  • Length: 8:33
Show
View Real Time Build Order
Export as new Build Order

Lind Protoss 

Build Orders: Oracle Opening 

Get SALT Encoding   

  12  0:01  Probe (Chrono Boost)  
  13  0:11  Probe (Chrono Boost)  
  14  0:17  Pylon  
  14  0:22  Probe (Chrono Boost)  
  16  0:35  Probe (Chrono Boost)  
  16  0:37  Gateway  
  16  0:42  Assimilator  
  16  0:49  Probe (Chrono Boost)  
  17  0:59  Probe (Chrono Boost)  
  18  1:10  Probe (Chrono Boost)  
  19  1:20  Probe (Chrono Boost), Assimilator  
  19  1:24  Cybernetics Core  
  20  1:31  Pylon, Probe (Chrono Boost)  
  21  1:41  Probe (Chrono Boost)  
  22  1:52  Probe (Chrono Boost)  
  22  1:53  Pylon  
  23  2:03  Mothership Core (Chrono Boost)  
  23  2:04  Adept  
  23  2:08  Warp Gate (Chrono Boost)  
  27  2:20  Gateway  
  27  2:31  Stargate  
  27  2:40  Gateway x2  
  27  2:54  Pylon  
  27  2:55  Pylon  
  26  3:13  Pylon  
  26  3:19  Oracle (Chrono Boost)  
  29  3:41  Pylon  
  29  3:51  Void Ray (Chrono Boost)  
  33  4:04  Stalker x3  
  33  4:05  Stalker  
  41  4:36  Stalker x3, Zealot  
  41  4:38  Probe  
  50  4:41  Pylon  
  50  4:42  Pylon  
  49  5:07  Void Ray (Chrono Boost)  
  49  5:13  Stalker  
  51  5:20  Stalker  
  53  5:38  Twilight Council  
  53  6:00  Stalker x2, Zealot  
  53  6:01  Zealot  
  61  6:24  Stalker  
  61  6:25  Stalker x2  
  63  6:26  Zealot  
  65  6:54  Oracle (Chrono Boost)  
  68  6:58  Pylon  
  68  6:59  Pylon  
  66  7:22  Stalker x2  
  64  7:23  Stalker  
  68  7:57  Pylon  
  68  7:58  Pylon  
  68  8:03  Sentry  
  68  8:04  Sentry, Zealot x2  
  56  8:27  Stalker  
  56  8:28  Zealot x3  
Show
View Real Time Build Order
Export as new Build Order

Miszu Terran - Winner!

Build Orders: Command Center First (CC), MMM Bio 

Get SALT Encoding   

  12  0:01  SCV  
  13  0:14  SCV  
  14  0:20  Supply Depot  
  14  0:26  SCV  
  15  0:42  SCV  
  16  0:54  SCV  
  17  1:01  Command Center  
  17  1:06  SCV  
  18  1:18  SCV  
  18  1:22  Barracks  
  19  1:30  SCV  
  19  1:32  Barracks  
  20  1:43  SCV  
  20  1:45  Barracks  
  21  1:55  SCV  
  22  2:08  Orbital Command  
  22  2:09  Marine  
  22  2:12  Orbital Command  
  23  2:18  Bunker  
  23  2:21  Marine  
  24  2:27  Marine  
  25  2:33  Marine  
  25  2:34  SCV  
  27  2:39  Marine  
  27  2:40  SCV  
  29  2:44  Marine  
  29  2:46  SCV  
  29  2:49  Refinery  
  29  2:50  Refinery  
  29  2:51  Marine  
  32  2:56  Marine  
  33  2:59  SCV  
  33  3:04  Supply Depot  
  34  3:07  Marine  
  34  3:08  Marine  
  34  3:09  SCV  
  37  3:14  Marine  
  38  3:24  Supply Depot  
  38  3:26  SCV x2  
  40  3:28  Barracks Tech Lab  
  40  3:29  Marine  
  40  3:32  Marine  
  42  3:38  SCV x2  
  44  3:46  Marine  
  44  3:48  Supply Depot  
  45  3:50  Marine, Marauder, SCV  
  45  3:51  Stimpack  
  45  3:54  SCV  
  48  4:04  Marine  
  48  4:06  Engineering Bay  
  48  4:08  Marine  
  50  4:10  Factory  
  50  4:15  Marauder  
  52  4:22  Marine  
  53  4:25  Marine  
  54  4:37  Bunker  
  53  4:39  Missile Turret  
  53  4:44  Marine  
  54  4:47  Orbital Command  
  54  5:01  Widow Mine  
  53  5:08  Missile Turret  
  53  5:11  Missile Turret  
  53  5:13  Marine  
  54  5:17  Starport  
  54  5:18  Marine  
  54  5:19  Marauder  
  57  5:31  Marine, Widow Mine  
  59  5:40  Marine, Marauder, Orbital Command  
  62  5:45  Supply Depot x2  
  62  5:57  Combat Shields  
  62  6:06  Marine x2, Widow Mine, SCV  
  62  6:07  Medivac, Marauder  
  69  6:24  Marine x2  
  71  6:27  Marine  
  72  6:42  Marine  
  71  6:51  Medivac, Widow Mine  
  71  6:53  Marauder  
  77  7:00  Marine  
  78  7:08  Supply Depot  
  78  7:14  Marine  
  78  7:26  Concussive Shells  
  78  7:29  Marine x2, Medivac  
  82  7:31  Marine  
  82  7:32  Supply Depot  
  82  7:36  Widow Mine  
  83  7:47  Marine x2  
  83  7:49  Marine  
  86  7:58  Supply Depot  
  86  8:03  Engineering Bay  
  86  8:05  Marine, Marauder  
  89  8:07  Marine  
Tags
 
Add a new tag
Caveats
  • Supply blocks, unpowered buildings, or Contaminate may cause inaccurate times.
  • Supply counts are checked every 10 seconds.